Workbook

Sheet ЛСР
B2: Локальный сметный расчет (ЛСР) №5
B3: Объект: «Пятисекционный многоквартирный жилой дом со встроенно-пристроенными нежилыми помещениями общественного назначения (№ 1.1, 1.2, 1.3, 2, 3 по ПЗУ) и встроенно-пристроенной подземной автостоянкой» Секция 1, 2, 3, 4, 5
B4: Устройство системы пожаротушения и сопутствующим работам (согласно проекту шифр ПТ, стадия Р)
A6: № | B6: Наименование | C6: Артикул, марка, производитель | D6: Характеристика | E6: Ед. изм. | F6: Норма расхода | G6: Секция 1.1 | H6: Секция 1.2 | I6: Секция 1.3 | J6: Секция 2 | K6: Секция 3 | L6: Количество | M6: Цена за ед., руб | N6: Сумма, руб | O6: Примечание | P6: Форма закупа материала
A8: 11 | B8: Внутренние инженерные сети
A9: 11.07 | B9: Устройство системы пожаротушения | N9: =SUM($N$95,$N$10) -> 0
A10: 11.07.01 | B10: Устройство водопровода В2 | N10: =SUM($N$11) -> 0
A11: 11.07.01.00 | B11: Устройство водопровода В2 | N11: =SUM($N$84,$N$82,$N$80,$N$78,$N$76,$N$74,$N$72,$N$70,$N$65,$N$63,$N$61,$N$59,$N$54,$N$52,$N$50,$N$48,$N$45,$N$43,$N$40,$N$38,$N$31,$N$29,$N$22,$N$20,$N$18,$N$16,$N$14,$N$12,N92) -> 0
B12: Работы: | N12: =SUM($N$13) -> 0
B13: Бурение отверстий до 120мм | E13: шт | G13: 40 | H13: 166 | I13: 70 | J13: 130 | K13: 312 | L13: =SUM($G$13:$K$13) -> 718 | M13: {=INDEX(Р[Цена за ед., руб],MATCH(1,IF(($B13=Р[Наименование])*($O13=Р[Примечание]),{1},($B13=Р[Наименование])*($O13=Р[Примечание])),0))} -> 0 | N13: =ROUND($L$13*$M$13,2) -> 0
B14: Работы: | N14: =SUM($N$15) -> 0
B15: Бурение отверстий до 130мм | E15: шт | J15: 240 | L15: =SUM($G$15:$K$15) -> 240 | M15: {=INDEX(Р[Цена за ед., руб],MATCH(1,IF(($B15=Р[Наименование])*($O15=Р[Примечание]),{1},($B15=Р[Наименование])*($O15=Р[Примечание])),0))} -> 0 | N15: =ROUND($L$15*$M$15,2) -> 0
B16: Работы: | N16: =SUM($N$17) -> 0
B17: Монтаж автоматического воздухоотводчика | E17: шт | G17: 2 | H17: 4 | I17: 2 | J17: 8 | K17: 8 | L17: =SUM($G$17:$K$17) -> 24 | M17: {=INDEX(Р[Цена за ед., руб],MATCH(1,IF(($B17=Р[Наименование])*($O17=Р[Примечание]),{1},($B17=Р[Наименование])*($O17=Р[Примечание])),0))} -> 0 | N17: =ROUND($L$17*$M$17,2) -> 0
B18: Материалы: | N18: =SUM($N$19) -> 0
A19: 1 | B19: Воздухоотводчик | D19: автоматический Ду-15 10bar | E19: шт | G19: 2 | H19: 4 | I19: 2 | J19: 8 | K19: 8 | L19: =SUM($G$19:$K$19) -> 24 | M19: {=INDEX(М[Цена за ед., руб],MATCH(1,IF(($B19=М[Наим.])*($C19=М[Артикул, марка, произв.])*($D19=М[Хар-ка])*($O19=М[Прим.]),{1},($B19=М[Наим.])*($C19=М[Артикул, марка, произв.])*($D19=М[Хар-ка])*($O19=М[Прим.])),0))} -> 0 | N19: =ROUND($L$19*$M$19,2) -> 0 | P19: {=INDEX(М[Форма закупа],MATCH(1,IF(($B19=М[Наим.])*($C19=М[Артикул, марка, произв.])*($D19=М[Хар-ка])*($O19=М[Прим.]),{1},($B19=М[Наим.])*($C19=М[Артикул, марка, произв.])*($D19=М[Хар-ка])*($O19=М[Прим.])),0))} -> 0
B20: Работы: | N20: =SUM($N$21) -> 0
B21: Монтаж затвора | E21: шт | G21: 14 | H21: 20 | I21: 43 | J21: 90 | K21: 32 | L21: =SUM($G$21:$K$21) -> 199 | M21: {=INDEX(Р[Цена за ед., руб],MATCH(1,IF(($B21=Р[Наименование])*($O21=Р[Примечание]),{1},($B21=Р[Наименование])*($O21=Р[Примечание])),0))} -> 0 | N21: =ROUND($L$21*$M$21,2) -> 0
B22: Материалы: | N22: =SUM($N$23:$N$28) -> 0
A23: 1 | B23: Затвор поворотный дисковый | D23: межфланцевый Ду-80 Py-16bar ручной с контролем положения | E23: шт | I23: 8 | J23: 12 | L23: =SUM($G$23:$K$23) -> 20 | M23: {=INDEX(М[Цена за ед., руб],MATCH(1,IF(($B23=М[Наим.])*($C23=М[Артикул, марка, произв.])*($D23=М[Хар-ка])*($O23=М[Прим.]),{1},($B23=М[Наим.])*($C23=М[Артикул, марка, произв.])*($D23=М[Хар-ка])*($O23=М[Прим.])),0))} -> 0 | N23: =ROUND($L$23*$M$23,2) -> 0 | P23: {=INDEX(М[Форма закупа],MATCH(1,IF(($B23=М[Наим.])*($C23=М[Артикул, марка, произв.])*($D23=М[Хар-ка])*($O23=М[Прим.]),{1},($B23=М[Наим.])*($C23=М[Артикул, марка, произв.])*($D23=М[Хар-ка])*($O23=М[Прим.])),0))} -> 0
A24: 2 | B24: Затвор поворотный дисковый | D24: межфланцевый Ду-150 Py-16bar ручной с контролем положения | E24: шт | I24: 24 | L24: =SUM($G$24:$K$24) -> 24 | M24: {=INDEX(М[Цена за ед., руб],MATCH(1,IF(($B24=М[Наим.])*($C24=М[Артикул, марка, произв.])*($D24=М[Хар-ка])*($O24=М[Прим.]),{1},($B24=М[Наим.])*($C24=М[Артикул, марка, произв.])*($D24=М[Хар-ка])*($O24=М[Прим.])),0))} -> 0 | N24: =ROUND($L$24*$M$24,2) -> 0 | P24: {=INDEX(М[Форма закупа],MATCH(1,IF(($B24=М[Наим.])*($C24=М[Артикул, марка, произв.])*($D24=М[Хар-ка])*($O24=М[Прим.]),{1},($B24=М[Наим.])*($C24=М[Артикул, марка, произв.])*($D24=М[Хар-ка])*($O24=М[Прим.])),0))} -> 0
A25: 3 | B25: Затвор поворотный дисковый | D25: межфланцевый Ду-65 Py-16bar ручной с контролем положения | E25: шт | G25: 6 | H25: 12 | I25: 6 | J25: 60 | K25: 24 | L25: =SUM($G$25:$K$25) -> 108 | M25: {=INDEX(М[Цена за ед., руб],MATCH(1,IF(($B25=М[Наим.])*($C25=М[Артикул, марка, произв.])*($D25=М[Хар-ка])*($O25=М[Прим.]),{1},($B25=М[Наим.])*($C25=М[Артикул, марка, произв.])*($D25=М[Хар-ка])*($O25=М[Прим.])),0))} -> 0 | N25: =ROUND($L$25*$M$25,2) -> 0 | P25: {=INDEX(М[Форма закупа],MATCH(1,IF(($B25=М[Наим.])*($C25=М[Артикул, марка, произв.])*($D25=М[Хар-ка])*($O25=М[Прим.]),{1},($B25=М[Наим.])*($C25=М[Артикул, марка, произв.])*($D25=М[Хар-ка])*($O25=М[Прим.])),0))} -> 0
A26: 4 | B26: Затвор поворотный дисковый | D26: межфланцевый Ду-100 Py-16bar ручной с контролем положения | E26: шт | J26: 12 | L26: =SUM($G$26:$K$26) -> 12 | M26: {=INDEX(М[Цена за ед., руб],MATCH(1,IF(($B26=М[Наим.])*($C26=М[Артикул, марка, произв.])*($D26=М[Хар-ка])*($O26=М[Прим.]),{1},($B26=М[Наим.])*($C26=М[Артикул, марка, произв.])*($D26=М[Хар-ка])*($O26=М[Прим.])),0))} -> 0 | N26: =ROUND($L$26*$M$26,2) -> 0 | P26: {=INDEX(М[Форма закупа],MATCH(1,IF(($B26=М[Наим.])*($C26=М[Артикул, марка, произв.])*($D26=М[Хар-ка])*($O26=М[Прим.]),{1},($B26=М[Наим.])*($C26=М[Артикул, марка, произв.])*($D26=М[Хар-ка])*($O26=М[Прим.])),0))} -> 0
A27: 5 | B27: Затвор поворотный дисковый | D27: межфланцевый Ду-125 Py-16bar ручной с контролем положения | E27: шт | G27: 8 | H27: 8 | I27: 4 | J27: 6 | K27: 8 | L27: =SUM($G$27:$K$27) -> 34 | M27: {=INDEX(М[Цена за ед., руб],MATCH(1,IF(($B27=М[Наим.])*($C27=М[Артикул, марка, произв.])*($D27=М[Хар-ка])*($O27=М[Прим.]),{1},($B27=М[Наим.])*($C27=М[Артикул, марка, произв.])*($D27=М[Хар-ка])*($O27=М[Прим.])),0))} -> 0 | N27: =ROUND($L$27*$M$27,2) -> 0 | P27: {=INDEX(М[Форма закупа],MATCH(1,IF(($B27=М[Наим.])*($C27=М[Артикул, марка, произв.])*($D27=М[Хар-ка])*($O27=М[Прим.]),{1},($B27=М[Наим.])*($C27=М[Артикул, марка, произв.])*($D27=М[Хар-ка])*($O27=М[Прим.])),0))} -> 0
A28: 6 | B28: Затвор поворотный дисковый | D28: межфланцевый Ду-200 Py-16bar ручной с контролем положения | E28: шт | I28: 1 | L28: =SUM($G$28:$K$28) -> 1 | M28: {=INDEX(М[Цена за ед., руб],MATCH(1,IF(($B28=М[Наим.])*($C28=М[Артикул, марка, произв.])*($D28=М[Хар-ка])*($O28=М[Прим.]),{1},($B28=М[Наим.])*($C28=М[Артикул, марка, произв.])*($D28=М[Хар-ка])*($O28=М[Прим.])),0))} -> 0 | N28: =ROUND($L$28*$M$28,2) -> 0 | P28: {=INDEX(М[Форма закупа],MATCH(1,IF(($B28=М[Наим.])*($C28=М[Артикул, марка, произв.])*($D28=М[Хар-ка])*($O28=М[Прим.]),{1},($B28=М[Наим.])*($C28=М[Артикул, марка, произв.])*($D28=М[Хар-ка])*($O28=М[Прим.])),0))} -> 0
B29: Работы: | N29: =SUM($N$30) -> 0
B30: Монтаж клапана (с учетом пожарного рукава и ствола) | E30: шт | G30: 44 | H30: 108 | I30: 70 | J30: 272 | K30: 202 | L30: =SUM($G$30:$K$30) -> 696 | M30: {=INDEX(Р[Цена за ед., руб],MATCH(1,IF(($B30=Р[Наименование])*($O30=Р[Примечание]),{1},($B30=Р[Наименование])*($O30=Р[Примечание])),0))} -> 0 | N30: =ROUND($L$30*$M$30,2) -> 0
B31: Материалы: | N31: =SUM($N$32:$N$37) -> 0
A32: 1 | B32: Рукав пожарный | D32: Ду-50мм L-20м с головкой ГР-50 | E32: шт | G32: 42 | H32: 106 | I32: 70 | J32: 240 | K32: 192 | L32: =SUM($G$32:$K$32) -> 650 | M32: {=INDEX(М[Цена за ед., руб],MATCH(1,IF(($B32=М[Наим.])*($C32=М[Артикул, марка, произв.])*($D32=М[Хар-ка])*($O32=М[Прим.]),{1},($B32=М[Наим.])*($C32=М[Артикул, марка, произв.])*($D32=М[Хар-ка])*($O32=М[Прим.])),0))} -> 0 | N32: =ROUND($L$32*$M$32,2) -> 0 | P32: {=INDEX(М[Форма закупа],MATCH(1,IF(($B32=М[Наим.])*($C32=М[Артикул, марка, произв.])*($D32=М[Хар-ка])*($O32=М[Прим.]),{1},($B32=М[Наим.])*($C32=М[Артикул, марка, произв.])*($D32=М[Хар-ка])*($O32=М[Прим.])),0))} -> 0
A33: 2 | B33: Рукав пожарный | D33: Ду-65мм L-20м с головкой ГР-70 | E33: шт | G33: 2 | H33: 2 | J33: 32 | K33: 10 | L33: =SUM($G$33:$K$33) -> 46 | M33: {=INDEX(М[Цена за ед., руб],MATCH(1,IF(($B33=М[Наим.])*($C33=М[Артикул, марка, произв.])*($D33=М[Хар-ка])*($O33=М[Прим.]),{1},($B33=М[Наим.])*($C33=М[Артикул, марка, произв.])*($D33=М[Хар-ка])*($O33=М[Прим.])),0))} -> 0 | N33: =ROUND($L$33*$M$33,2) -> 0 | P33: {=INDEX(М[Форма закупа],MATCH(1,IF(($B33=М[Наим.])*($C33=М[Артикул, марка, произв.])*($D33=М[Хар-ка])*($O33=М[Прим.]),{1},($B33=М[Наим.])*($C33=М[Артикул, марка, произв.])*($D33=М[Хар-ка])*($O33=М[Прим.])),0))} -> 0
A34: 3 | B34: Ствол пожарный | D34: РС-65А | E34: шт | G34: 2 | H34: 2 | J34: 32 | K34: 10 | L34: =SUM($G$34:$K$34) -> 46 | M34: {=INDEX(М[Цена за ед., руб],MATCH(1,IF(($B34=М[Наим.])*($C34=М[Артикул, марка, произв.])*($D34=М[Хар-ка])*($O34=М[Прим.]),{1},($B34=М[Наим.])*($C34=М[Артикул, марка, произв.])*($D34=М[Хар-ка])*($O34=М[Прим.])),0))} -> 0 | N34: =ROUND($L$34*$M$34,2) -> 0 | P34: {=INDEX(М[Форма закупа],MATCH(1,IF(($B34=М[Наим.])*($C34=М[Артикул, марка, произв.])*($D34=М[Хар-ка])*($O34=М[Прим.]),{1},($B34=М[Наим.])*($C34=М[Артикул, марка, произв.])*($D34=М[Хар-ка])*($O34=М[Прим.])),0))} -> 0
A35: 4 | B35: Ствол пожарный | D35: РС-50А | E35: шт | G35: 42 | H35: 106 | I35: 70 | J35: 240 | K35: 192 | L35: =SUM($G$35:$K$35) -> 650 | M35: {=INDEX(М[Цена за ед., руб],MATCH(1,IF(($B35=М[Наим.])*($C35=М[Артикул, марка, произв.])*($D35=М[Хар-ка])*($O35=М[Прим.]),{1},($B35=М[Наим.])*($C35=М[Артикул, марка, произв.])*($D35=М[Хар-ка])*($O35=М[Прим.])),0))} -> 0 | N35: =ROUND($L$35*$M$35,2) -> 0 | P35: {=INDEX(М[Форма закупа],MATCH(1,IF(($B35=М[Наим.])*($C35=М[Артикул, марка, произв.])*($D35=М[Хар-ка])*($O35=М[Прим.]),{1},($B35=М[Наим.])*($C35=М[Артикул, марка, произв.])*($D35=М[Хар-ка])*($O35=М[Прим.])),0))} -> 0
A36: 5 | B36: Вентиль пожарный | D36: чугунный угловой Ду-50 муфта-цапка | E36: шт | G36: 42 | H36: 106 | I36: 70 | J36: 240 | K36: 192 | L36: =SUM($G$36:$K$36) -> 650 | M36: {=INDEX(М[Цена за ед., руб],MATCH(1,IF(($B36=М[Наим.])*($C36=М[Артикул, марка, произв.])*($D36=М[Хар-ка])*($O36=М[Прим.]),{1},($B36=М[Наим.])*($C36=М[Артикул, марка, произв.])*($D36=М[Хар-ка])*($O36=М[Прим.])),0))} -> 0 | N36: =ROUND($L$36*$M$36,2) -> 0 | O36: с ДППК | P36: {=INDEX(М[Форма закупа],MATCH(1,IF(($B36=М[Наим.])*($C36=М[Артикул, марка, произв.])*($D36=М[Хар-ка])*($O36=М[Прим.]),{1},($B36=М[Наим.])*($C36=М[Артикул, марка, произв.])*($D36=М[Хар-ка])*($O36=М[Прим.])),0))} -> 0
A37: 6 | B37: Вентиль пожарный | D37: чугунный угловой Ду-65 муфта-цапка | E37: шт | G37: 2 | H37: 2 | J37: 32 | K37: 10 | L37: =SUM($G$37:$K$37) -> 46 | M37: {=INDEX(М[Цена за ед., руб],MATCH(1,IF(($B37=М[Наим.])*($C37=М[Артикул, марка, произв.])*($D37=М[Хар-ка])*($O37=М[Прим.]),{1},($B37=М[Наим.])*($C37=М[Артикул, марка, произв.])*($D37=М[Хар-ка])*($O37=М[Прим.])),0))} -> 0 | N37: =ROUND($L$37*$M$37,2) -> 0 | O37: с ДППК | P37: {=INDEX(М[Форма закупа],MATCH(1,IF(($B37=М[Наим.])*($C37=М[Артикул, марка, произв.])*($D37=М[Хар-ка])*($O37=М[Прим.]),{1},($B37=М[Наим.])*($C37=М[Артикул, марка, произв.])*($D37=М[Хар-ка])*($O37=М[Прим.])),0))} -> 0
B38: Работы: | N38: =SUM($N$39) -> 0
B39: Монтаж клапана (фланцевые, резьбовые) от 40 мм | E39: шт | I39: 10 | L39: =SUM($G$39:$K$39) -> 10 | M39: {=INDEX(Р[Цена за ед., руб],MATCH(1,IF(($B39=Р[Наименование])*($O39=Р[Примечание]),{1},($B39=Р[Наименование])*($O39=Р[Примечание])),0))} -> 0 | N39: =ROUND($L$39*$M$39,2) -> 0
B40: Материалы: | N40: =SUM($N$41:$N$42) -> 0
A41: 1 | B41: Клапан обратный | D41: Межфланцевый Ду-80 Ру-16бар | E41: шт | I41: 8 | L41: =SUM($G$41:$K$41) -> 8 | M41: {=INDEX(М[Цена за ед., руб],MATCH(1,IF(($B41=М[Наим.])*($C41=М[Артикул, марка, произв.])*($D41=М[Хар-ка])*($O41=М[Прим.]),{1},($B41=М[Наим.])*($C41=М[Артикул, марка, произв.])*($D41=М[Хар-ка])*($O41=М[Прим.])),0))} -> 0 | N41: =ROUND($L$41*$M$41,2) -> 0 | P41: {=INDEX(М[Форма закупа],MATCH(1,IF(($B41=М[Наим.])*($C41=М[Артикул, марка, произв.])*($D41=М[Хар-ка])*($O41=М[Прим.]),{1},($B41=М[Наим.])*($C41=М[Артикул, марка, произв.])*($D41=М[Хар-ка])*($O41=М[Прим.])),0))} -> 0
A42: 2 | B42: Клапан регулирующий | D42: "до себя" Ду-150 | E42: шт | I42: 2 | L42: =SUM($G$42:$K$42) -> 2 | M42: {=INDEX(М[Цена за ед., руб],MATCH(1,IF(($B42=М[Наим.])*($C42=М[Артикул, марка, произв.])*($D42=М[Хар-ка])*($O42=М[Прим.]),{1},($B42=М[Наим.])*($C42=М[Артикул, марка, произв.])*($D42=М[Хар-ка])*($O42=М[Прим.])),0))} -> 0 | N42: =ROUND($L$42*$M$42,2) -> 0 | O42: ВРДД АДЛ, или аналог | P42: {=INDEX(М[Форма закупа],MATCH(1,IF(($B42=М[Наим.])*($C42=М[Артикул, марка, произв.])*($D42=М[Хар-ка])*($O42=М[Прим.]),{1},($B42=М[Наим.])*($C42=М[Артикул, марка, произв.])*($D42=М[Хар-ка])*($O42=М[Прим.])),0))} -> 0
B43: Работы: | N43: =SUM($N$44) -> 0
B44: Монтаж кранов (фланцевые, резьбовые) до 32 мм | E44: шт | G44: 4 | H44: 8 | I44: 4 | J44: 16 | K44: 16 | L44: =SUM($G$44:$K$44) -> 48 | M44: {=INDEX(Р[Цена за ед., руб],MATCH(1,IF(($B44=Р[Наименование])*($O44=Р[Примечание]),{1},($B44=Р[Наименование])*($O44=Р[Примечание])),0))} -> 0 | N44: =ROUND($L$44*$M$44,2) -> 0
B45: Материалы: | N45: =SUM($N$46:$N$47) -> 0
A46: 1 | B46: Кран шаровой | D46: ВР-ВР Ду-15 полнопроходной | E46: шт | G46: 2 | H46: 4 | I46: 2 | J46: 8 | K46: 8 | L46: =SUM($G$46:$K$46) -> 24 | M46: {=INDEX(М[Цена за ед., руб],MATCH(1,IF(($B46=М[Наим.])*($C46=М[Артикул, марка, произв.])*($D46=М[Хар-ка])*($O46=М[Прим.]),{1},($B46=М[Наим.])*($C46=М[Артикул, марка, произв.])*($D46=М[Хар-ка])*($O46=М[Прим.])),0))} -> 0 | N46: =ROUND($L$46*$M$46,2) -> 0 | P46: {=INDEX(М[Форма закупа],MATCH(1,IF(($B46=М[Наим.])*($C46=М[Артикул, марка, произв.])*($D46=М[Хар-ка])*($O46=М[Прим.]),{1},($B46=М[Наим.])*($C46=М[Артикул, марка, произв.])*($D46=М[Хар-ка])*($O46=М[Прим.])),0))} -> 0
A47: 2 | B47: Кран трехходовой для манометра | D47: Ду-15 Ру-16 G1/2-М20х1,5 латунь | E47: шт | G47: 2 | H47: 4 | I47: 2 | J47: 8 | K47: 8 | L47: =SUM($G$47:$K$47) -> 24 | M47: {=INDEX(М[Цена за ед., руб],MATCH(1,IF(($B47=М[Наим.])*($C47=М[Артикул, марка, произв.])*($D47=М[Хар-ка])*($O47=М[Прим.]),{1},($B47=М[Наим.])*($C47=М[Артикул, марка, произв.])*($D47=М[Хар-ка])*($O47=М[Прим.])),0))} -> 0 | N47: =ROUND($L$47*$M$47,2) -> 0 | P47: {=INDEX(М[Форма закупа],MATCH(1,IF(($B47=М[Наим.])*($C47=М[Артикул, марка, произв.])*($D47=М[Хар-ка])*($O47=М[Прим.]),{1},($B47=М[Наим.])*($C47=М[Артикул, марка, произв.])*($D47=М[Хар-ка])*($O47=М[Прим.])),0))} -> 0
B48: Работы: | N48: =SUM($N$49) -> 0
B49: Монтаж кранов (фланцевые, резьбовые) от 40 мм | E49: шт | G49: 6 | H49: 12 | I49: 8 | J49: 20 | K49: 20 | L49: =SUM($G$49:$K$49) -> 66 | M49: {=INDEX(Р[Цена за ед., руб],MATCH(1,IF(($B49=Р[Наименование])*($O49=Р[Примечание]),{1},($B49=Р[Наименование])*($O49=Р[Примечание])),0))} -> 0 | N49: =ROUND($L$49*$M$49,2) -> 0
B50: Материалы: | N50: =SUM($N$51) -> 0
A51: 1 | B51: Кран шаровой | D51: ВР-ВР Ду-50 полнопроходной | E51: шт | G51: 6 | H51: 12 | I51: 8 | J51: 20 | K51: 20 | L51: =SUM($G$51:$K$51) -> 66 | M51: {=INDEX(М[Цена за ед., руб],MATCH(1,IF(($B51=М[Наим.])*($C51=М[Артикул, марка, произв.])*($D51=М[Хар-ка])*($O51=М[Прим.]),{1},($B51=М[Наим.])*($C51=М[Артикул, марка, произв.])*($D51=М[Хар-ка])*($O51=М[Прим.])),0))} -> 0 | N51: =ROUND($L$51*$M$51,2) -> 0 | P51: {=INDEX(М[Форма закупа],MATCH(1,IF(($B51=М[Наим.])*($C51=М[Артикул, марка, произв.])*($D51=М[Хар-ка])*($O51=М[Прим.]),{1},($B51=М[Наим.])*($C51=М[Артикул, марка, произв.])*($D51=М[Хар-ка])*($O51=М[Прим.])),0))} -> 0
B52: Работы: | N52: =SUM($N$53) -> 0
B53: Монтаж насосной установки повышения давления ( в т.ч. Жокей-насос) | E53: шт | I53: 2 | L53: =SUM($G$53:$K$53) -> 2 | M53: {=INDEX(Р[Цена за ед., руб],MATCH(1,IF(($B53=Р[Наименование])*($O53=Р[Примечание]),{1},($B53=Р[Наименование])*($O53=Р[Примечание])),0))} -> 0 | N53: =ROUND($L$53*$M$53,2) -> 0
B54: Материалы: | N54: =SUM($N$55:$N$58) -> 0
A55: 1 | B55: Насосная станция пожаротушения | D55: Q=22,92 л/сН=74,29 м | E55: шт | I55: 1 | L55: =SUM($G$55:$K$55) -> 1 | M55: {=INDEX(М[Цена за ед., руб],MATCH(1,IF(($B55=М[Наим.])*($C55=М[Артикул, марка, произв.])*($D55=М[Хар-ка])*($O55=М[Прим.]),{1},($B55=М[Наим.])*($C55=М[Артикул, марка, произв.])*($D55=М[Хар-ка])*($O55=М[Прим.])),0))} -> 0 | N55: =ROUND($L$55*$M$55,2) -> 0 | O55: CO 2 BL 50/240-30/2/SK-FFS-R, либо аналог | P55: {=INDEX(М[Форма закупа],MATCH(1,IF(($B55=М[Наим.])*($C55=М[Артикул, марка, произв.])*($D55=М[Хар-ка])*($O55=М[Прим.]),{1},($B55=М[Наим.])*($C55=М[Артикул, марка, произв.])*($D55=М[Хар-ка])*($O55=М[Прим.])),0))} -> 0
A56: 2 | B56: Насосная станция пожаротушения | D56: Q=22,58 л/сН=114,70 м | E56: шт | I56: 1 | L56: =SUM($G$56:$K$56) -> 1 | M56: {=INDEX(М[Цена за ед., руб],MATCH(1,IF(($B56=М[Наим.])*($C56=М[Артикул, марка, произв.])*($D56=М[Хар-ка])*($O56=М[Прим.]),{1},($B56=М[Наим.])*($C56=М[Артикул, марка, произв.])*($D56=М[Хар-ка])*($O56=М[Прим.])),0))} -> 0 | N56: =ROUND($L$56*$M$56,2) -> 0 | O56: CO 2 MVL 6405/2/SK-FFS-R-CS, либо аналог | P56: {=INDEX(М[Форма закупа],MATCH(1,IF(($B56=М[Наим.])*($C56=М[Артикул, марка, произв.])*($D56=М[Хар-ка])*($O56=М[Прим.]),{1},($B56=М[Наим.])*($C56=М[Артикул, марка, произв.])*($D56=М[Хар-ка])*($O56=М[Прим.])),0))} -> 0
A57: 3 | B57: Жокей-насос | D57: Q-1,0 л/с H-80,8 м N-2,2кВт V бака-50 л | E57: шт | I57: 1 | L57: =SUM($G$57:$K$57) -> 1 | M57: {=INDEX(М[Цена за ед., руб],MATCH(1,IF(($B57=М[Наим.])*($C57=М[Артикул, марка, произв.])*($D57=М[Хар-ка])*($O57=М[Прим.]),{1},($B57=М[Наим.])*($C57=М[Артикул, марка, произв.])*($D57=М[Хар-ка])*($O57=М[Прим.])),0))} -> 0 | N57: =ROUND($L$57*$M$57,2) -> 0 | O57: CO 1 MVL 410/J-ET-R, либо аналог | P57: {=INDEX(М[Форма закупа],MATCH(1,IF(($B57=М[Наим.])*($C57=М[Артикул, марка, произв.])*($D57=М[Хар-ка])*($O57=М[Прим.]),{1},($B57=М[Наим.])*($C57=М[Артикул, марка, произв.])*($D57=М[Хар-ка])*($O57=М[Прим.])),0))} -> 0
A58: 4 | B58: Жокей-насос | D58: Q-1,0 л/с H-117 м N-3 кВт V бака-50 л | E58: шт | I58: 1 | L58: =SUM($G$58:$K$58) -> 1 | M58: {=INDEX(М[Цена за ед., руб],MATCH(1,IF(($B58=М[Наим.])*($C58=М[Артикул, марка, произв.])*($D58=М[Хар-ка])*($O58=М[Прим.]),{1},($B58=М[Наим.])*($C58=М[Артикул, марка, произв.])*($D58=М[Хар-ка])*($O58=М[Прим.])),0))} -> 0 | N58: =ROUND($L$58*$M$58,2) -> 0 | O58: CO 1 MVL 414/J-ET-R, либо аналог | P58: {=INDEX(М[Форма закупа],MATCH(1,IF(($B58=М[Наим.])*($C58=М[Артикул, марка, произв.])*($D58=М[Хар-ка])*($O58=М[Прим.]),{1},($B58=М[Наим.])*($C58=М[Артикул, марка, произв.])*($D58=М[Хар-ка])*($O58=М[Прим.])),0))} -> 0
B59: Работы: | N59: =SUM($N$60) -> 0
B60: Монтаж оросителя | E60: шт | J60: 336 | L60: =SUM($G$60:$K$60) -> 336 | M60: {=INDEX(Р[Цена за ед., руб],MATCH(1,IF(($B60=Р[Наименование])*($O60=Р[Примечание]),{1},($B60=Р[Наименование])*($O60=Р[Примечание])),0))} -> 0 | N60: =ROUND($L$60*$M$60,2) -> 0
B61: Материалы: | N61: =SUM($N$62) -> 0
A62: 1 | B62: Ороситель | D62: спринклерный универсальный t-57±3°С К-0,47 | E62: шт | J62: 336 | L62: =SUM($G$62:$K$62) -> 336 | M62: {=INDEX(М[Цена за ед., руб],MATCH(1,IF(($B62=М[Наим.])*($C62=М[Артикул, марка, произв.])*($D62=М[Хар-ка])*($O62=М[Прим.]),{1},($B62=М[Наим.])*($C62=М[Артикул, марка, произв.])*($D62=М[Хар-ка])*($O62=М[Прим.])),0))} -> 0 | N62: =ROUND($L$62*$M$62,2) -> 0 | O62: с запасом на ПНР | P62: {=INDEX(М[Форма закупа],MATCH(1,IF(($B62=М[Наим.])*($C62=М[Артикул, марка, произв.])*($D62=М[Хар-ка])*($O62=М[Прим.]),{1},($B62=М[Наим.])*($C62=М[Артикул, марка, произв.])*($D62=М[Хар-ка])*($O62=М[Прим.])),0))} -> 0
B63: Работы: | N63: =SUM($N$64) -> 0
B64: Монтаж пожарного шкафа | E64: шт | G64: 22 | H64: 54 | I64: 35 | J64: 136 | K64: 101 | L64: =SUM($G$64:$K$64) -> 348 | M64: {=INDEX(Р[Цена за ед., руб],MATCH(1,IF(($B64=Р[Наименование])*($O64=Р[Примечание]),{1},($B64=Р[Наименование])*($O64=Р[Примечание])),0))} -> 0 | N64: =ROUND($L$64*$M$64,2) -> 0
B65: Материалы: | N65: =SUM($N$66:$N$69) -> 0
A66: 1 | B66: Шкаф пожарный | D66: ШПК-320-21 В3 | E66: шт | G66: 19 | H66: 47 | I66: 30 | J66: 117 | K66: 89 | L66: =SUM($G$66:$K$66) -> 302 | M66: {=INDEX(М[Цена за ед., руб],MATCH(1,IF(($B66=М[Наим.])*($C66=М[Артикул, марка, произв.])*($D66=М[Хар-ка])*($O66=М[Прим.]),{1},($B66=М[Наим.])*($C66=М[Артикул, марка, произв.])*($D66=М[Хар-ка])*($O66=М[Прим.])),0))} -> 0 | N66: =ROUND($L$66*$M$66,2) -> 0 | P66: {=INDEX(М[Форма закупа],MATCH(1,IF(($B66=М[Наим.])*($C66=М[Артикул, марка, произв.])*($D66=М[Хар-ка])*($O66=М[Прим.]),{1},($B66=М[Наим.])*($C66=М[Артикул, марка, произв.])*($D66=М[Хар-ка])*($O66=М[Прим.])),0))} -> 0
A67: 2 | B67: Шкаф пожарный | D67: ШПК-320-12 Н3 | E67: шт | G67: 1 | H67: 1 | J67: 16 | K67: 5 | L67: =SUM($G$67:$K$67) -> 23 | M67: {=INDEX(М[Цена за ед., руб],MATCH(1,IF(($B67=М[Наим.])*($C67=М[Артикул, марка, произв.])*($D67=М[Хар-ка])*($O67=М[Прим.]),{1},($B67=М[Наим.])*($C67=М[Артикул, марка, произв.])*($D67=М[Хар-ка])*($O67=М[Прим.])),0))} -> 0 | N67: =ROUND($L$67*$M$67,2) -> 0 | P67: {=INDEX(М[Форма закупа],MATCH(1,IF(($B67=М[Наим.])*($C67=М[Артикул, марка, произв.])*($D67=М[Хар-ка])*($O67=М[Прим.]),{1},($B67=М[Наим.])*($C67=М[Артикул, марка, произв.])*($D67=М[Хар-ка])*($O67=М[Прим.])),0))} -> 0
A68: 3 | B68: Шкаф пожарный | D68: ШПК-320-21 Н3 | E68: шт | G68: 2 | H68: 6 | I68: 5 | J68: 3 | K68: 7 | L68: =SUM($G$68:$K$68) -> 23 | M68: {=INDEX(М[Цена за ед., руб],MATCH(1,IF(($B68=М[Наим.])*($C68=М[Артикул, марка, произв.])*($D68=М[Хар-ка])*($O68=М[Прим.]),{1},($B68=М[Наим.])*($C68=М[Артикул, марка, произв.])*($D68=М[Хар-ка])*($O68=М[Прим.])),0))} -> 0 | N68: =ROUND($L$68*$M$68,2) -> 0 | P68: {=INDEX(М[Форма закупа],MATCH(1,IF(($B68=М[Наим.])*($C68=М[Артикул, марка, произв.])*($D68=М[Хар-ка])*($O68=М[Прим.]),{1},($B68=М[Наим.])*($C68=М[Артикул, марка, произв.])*($D68=М[Хар-ка])*($O68=М[Прим.])),0))} -> 0
A69: 4 | B69: Огнетушитель | D69: порошковый ОП-4 АВСЕ | E69: шт | G69: 2 | H69: 2 | J69: 32 | K69: 10 | L69: =SUM($G$69:$K$69) -> 46 | M69: {=INDEX(М[Цена за ед., руб],MATCH(1,IF(($B69=М[Наим.])*($C69=М[Артикул, марка, произв.])*($D69=М[Хар-ка])*($O69=М[Прим.]),{1},($B69=М[Наим.])*($C69=М[Артикул, марка, произв.])*($D69=М[Хар-ка])*($O69=М[Прим.])),0))} -> 0 | N69: =ROUND($L$69*$M$69,2) -> 0 | P69: {=INDEX(М[Форма закупа],MATCH(1,IF(($B69=М[Наим.])*($C69=М[Артикул, марка, произв.])*($D69=М[Хар-ка])*($O69=М[Прим.]),{1},($B69=М[Наим.])*($C69=М[Артикул, марка, произв.])*($D69=М[Хар-ка])*($O69=М[Прим.])),0))} -> 0
B70: Работы: | N70: =SUM($N$71) -> 0
B71: Монтаж сигнализатора потока жидкости в систему пожаротушения АПТ | E71: шт | J71: 58 | L71: =SUM($G$71:$K$71) -> 58 | M71: {=INDEX(Р[Цена за ед., руб],MATCH(1,IF(($B71=Р[Наименование])*($O71=Р[Примечание]),{1},($B71=Р[Наименование])*($O71=Р[Примечание])),0))} -> 0 | N71: =ROUND($L$71*$M$71,2) -> 0
B72: Материалы: | N72: =SUM($N$73) -> 0
A73: 1 | B73: Сигнализатор потока жидкости в систему пожаротушения | D73: D-65 16 bar | E73: шт | J73: 58 | L73: =SUM($G$73:$K$73) -> 58 | M73: {=INDEX(М[Цена за ед., руб],MATCH(1,IF(($B73=М[Наим.])*($C73=М[Артикул, марка, произв.])*($D73=М[Хар-ка])*($O73=М[Прим.]),{1},($B73=М[Наим.])*($C73=М[Артикул, марка, произв.])*($D73=М[Хар-ка])*($O73=М[Прим.])),0))} -> 0 | N73: =ROUND($L$73*$M$73,2) -> 0 | P73: {=INDEX(М[Форма закупа],MATCH(1,IF(($B73=М[Наим.])*($C73=М[Артикул, марка, произв.])*($D73=М[Хар-ка])*($O73=М[Прим.]),{1},($B73=М[Наим.])*($C73=М[Артикул, марка, произв.])*($D73=М[Хар-ка])*($O73=М[Прим.])),0))} -> 0
B74: Работы: | N74: =SUM($N$75) -> 0
B75: Покраска эмалью | E75: кг | G75: 42.81 | H75: 97.27 | I75: 87.21 | J75: 281.74 | K75: 159.79 | L75: =SUM($G$75:$K$75) -> 668.82 | M75: {=INDEX(Р[Цена за ед., руб],MATCH(1,IF(($B75=Р[Наименование])*($O75=Р[Примечание]),{1},($B75=Р[Наименование])*($O75=Р[Примечание])),0))} -> 0 | N75: =ROUND($L$75*$M$75,2) -> 0
B76: Материалы: | N76: =SUM($N$77) -> 0
A77: 1 | B77: Эмаль (кг.) | D77: ПФ-115 | E77: кг | G77: 42.81 | H77: 97.27 | I77: 87.21 | J77: 281.74 | K77: 159.79 | L77: =SUM($G$77:$K$77) -> 668.82 | M77: {=INDEX(М[Цена за ед., руб],MATCH(1,IF(($B77=М[Наим.])*($C77=М[Артикул, марка, произв.])*($D77=М[Хар-ка])*($O77=М[Прим.]),{1},($B77=М[Наим.])*($C77=М[Артикул, марка, произв.])*($D77=М[Хар-ка])*($O77=М[Прим.])),0))} -> 0 | N77: =ROUND($L$77*$M$77,2) -> 0 | O77: в 2 слоя | P77: {=INDEX(М[Форма закупа],MATCH(1,IF(($B77=М[Наим.])*($C77=М[Артикул, марка, произв.])*($D77=М[Хар-ка])*($O77=М[Прим.]),{1},($B77=М[Наим.])*($C77=М[Артикул, марка, произв.])*($D77=М[Хар-ка])*($O77=М[Прим.])),0))} -> 0
B78: Работы: | N78: =SUM($N$79) -> 0
B79: Прокладка трубы стальной до 40 мм | E79: пог. м | J79: 174 | L79: =SUM($G$79:$K$79) -> 174 | M79: {=INDEX(Р[Цена за ед., руб],MATCH(1,IF(($B79=Р[Наименование])*($O79=Р[Примечание]),{1},($B79=Р[Наименование])*($O79=Р[Примечание])),0))} -> 0 | N79: =ROUND($L$79*$M$79,2) -> 0
B80: Материалы: | N80: =SUM($N$81) -> 0
A81: 1 | B81: Труба водогазопроводная | D81: стальная D-20х2,8 СТ3 | E81: пог. м | J81: 174 | L81: =SUM($G$81:$K$81) -> 174 | M81: {=INDEX(М[Цена за ед., руб],MATCH(1,IF(($B81=М[Наим.])*($C81=М[Артикул, марка, произв.])*($D81=М[Хар-ка])*($O81=М[Прим.]),{1},($B81=М[Наим.])*($C81=М[Артикул, марка, произв.])*($D81=М[Хар-ка])*($O81=М[Прим.])),0))} -> 0 | N81: =ROUND($L$81*$M$81,2) -> 0 | P81: {=INDEX(М[Форма закупа],MATCH(1,IF(($B81=М[Наим.])*($C81=М[Артикул, марка, произв.])*($D81=М[Хар-ка])*($O81=М[Прим.]),{1},($B81=М[Наим.])*($C81=М[Артикул, марка, произв.])*($D81=М[Хар-ка])*($O81=М[Прим.])),0))} -> 0
B82: Работы: | N82: =SUM($N$83) -> 0
B83: Прокладка трубы стальной от 57 мм | E83: пог. м | G83: 408.7 | H83: 982.28 | I83: 716.1 | J83: 3053.78 | K83: 1719.46 | L83: =SUM($G$83:$K$83) -> 6880.32 | M83: {=INDEX(Р[Цена за ед., руб],MATCH(1,IF(($B83=Р[Наименование])*($O83=Р[Примечание]),{1},($B83=Р[Наименование])*($O83=Р[Примечание])),0))} -> 0 | N83: =ROUND($L$83*$M$83,2) -> 0
B84: Материалы: | N84: =SUM($N$85:$N$91) -> 0
A85: 1 | B85: Труба электросварная (пог.м.) | D85: стальная D-108х4,0 | E85: пог. м | J85: 642 | L85: =SUM($G$85:$K$85) -> 642 | M85: {=INDEX(М[Цена за ед., руб],MATCH(1,IF(($B85=М[Наим.])*($C85=М[Артикул, марка, произв.])*($D85=М[Хар-ка])*($O85=М[Прим.]),{1},($B85=М[Наим.])*($C85=М[Артикул, марка, произв.])*($D85=М[Хар-ка])*($O85=М[Прим.])),0))} -> 0 | N85: =ROUND($L$85*$M$85,2) -> 0 | P85: {=INDEX(М[Форма закупа],MATCH(1,IF(($B85=М[Наим.])*($C85=М[Артикул, марка, произв.])*($D85=М[Хар-ка])*($O85=М[Прим.]),{1},($B85=М[Наим.])*($C85=М[Артикул, марка, произв.])*($D85=М[Хар-ка])*($O85=М[Прим.])),0))} -> 0
A86: 2 | B86: Труба электросварная (пог.м.) | D86: стальная D-133х4,2 | E86: пог. м | G86: 145 | H86: 226 | I86: 165 | J86: 230.72 | K86: 254 | L86: =SUM($G$86:$K$86) -> 1020.72 | M86: {=INDEX(М[Цена за ед., руб],MATCH(1,IF(($B86=М[Наим.])*($C86=М[Артикул, марка, произв.])*($D86=М[Хар-ка])*($O86=М[Прим.]),{1},($B86=М[Наим.])*($C86=М[Артикул, марка, произв.])*($D86=М[Хар-ка])*($O86=М[Прим.])),0))} -> 0 | N86: =ROUND($L$86*$M$86,2) -> 0 | P86: {=INDEX(М[Форма закупа],MATCH(1,IF(($B86=М[Наим.])*($C86=М[Артикул, марка, произв.])*($D86=М[Хар-ка])*($O86=М[Прим.]),{1},($B86=М[Наим.])*($C86=М[Артикул, марка, произв.])*($D86=М[Хар-ка])*($O86=М[Прим.])),0))} -> 0
A87: 3 | B87: Труба электросварная (пог.м.) | D87: стальная D-159х4,0 | E87: пог. м | I87: 63 | L87: =SUM($G$87:$K$87) -> 63 | M87: {=INDEX(М[Цена за ед., руб],MATCH(1,IF(($B87=М[Наим.])*($C87=М[Артикул, марка, произв.])*($D87=М[Хар-ка])*($O87=М[Прим.]),{1},($B87=М[Наим.])*($C87=М[Артикул, марка, произв.])*($D87=М[Хар-ка])*($O87=М[Прим.])),0))} -> 0 | N87: =ROUND($L$87*$M$87,2) -> 0 | P87: {=INDEX(М[Форма закупа],MATCH(1,IF(($B87=М[Наим.])*($C87=М[Артикул, марка, произв.])*($D87=М[Хар-ка])*($O87=М[Прим.]),{1},($B87=М[Наим.])*($C87=М[Артикул, марка, произв.])*($D87=М[Хар-ка])*($O87=М[Прим.])),0))} -> 0
A88: 4 | B88: Труба электросварная (пог.м.) | D88: стальная D-219х6,0 | E88: пог. м | I88: 57 | L88: =SUM($G$88:$K$88) -> 57 | M88: {=INDEX(М[Цена за ед., руб],MATCH(1,IF(($B88=М[Наим.])*($C88=М[Артикул, марка, произв.])*($D88=М[Хар-ка])*($O88=М[Прим.]),{1},($B88=М[Наим.])*($C88=М[Артикул, марка, произв.])*($D88=М[Хар-ка])*($O88=М[Прим.])),0))} -> 0 | N88: =ROUND($L$88*$M$88,2) -> 0 | P88: {=INDEX(М[Форма закупа],MATCH(1,IF(($B88=М[Наим.])*($C88=М[Артикул, марка, произв.])*($D88=М[Хар-ка])*($O88=М[Прим.]),{1},($B88=М[Наим.])*($C88=М[Артикул, марка, произв.])*($D88=М[Хар-ка])*($O88=М[Прим.])),0))} -> 0
A89: 5 | B89: Труба электросварная (пог.м.) | D89: стальная D-76х3,5 | E89: пог. м | G89: 165 | H89: 583.98 | I89: 223.98 | J89: 132 | K89: 1092 | L89: =SUM($G$89:$K$89) -> 2196.96 | M89: {=INDEX(М[Цена за ед., руб],MATCH(1,IF(($B89=М[Наим.])*($C89=М[Артикул, марка, произв.])*($D89=М[Хар-ка])*($O89=М[Прим.]),{1},($B89=М[Наим.])*($C89=М[Артикул, марка, произв.])*($D89=М[Хар-ка])*($O89=М[Прим.])),0))} -> 0 | N89: =ROUND($L$89*$M$89,2) -> 0 | P89: {=INDEX(М[Форма закупа],MATCH(1,IF(($B89=М[Наим.])*($C89=М[Артикул, марка, произв.])*($D89=М[Хар-ка])*($O89=М[Прим.]),{1},($B89=М[Наим.])*($C89=М[Артикул, марка, произв.])*($D89=М[Хар-ка])*($O89=М[Прим.])),0))} -> 0
A90: 6 | B90: Труба электросварная (пог.м.) | D90: стальная D-89х3,5 | E90: пог. м | G90: 13.2 | H90: 55.8 | I90: 121.12 | J90: 699.56 | K90: 102.96 | L90: =SUM($G$90:$K$90) -> 992.64 | M90: {=INDEX(М[Цена за ед., руб],MATCH(1,IF(($B90=М[Наим.])*($C90=М[Артикул, марка, произв.])*($D90=М[Хар-ка])*($O90=М[Прим.]),{1},($B90=М[Наим.])*($C90=М[Артикул, марка, произв.])*($D90=М[Хар-ка])*($O90=М[Прим.])),0))} -> 0 | N90: =ROUND($L$90*$M$90,2) -> 0 | O90: в т.ч. гильзы | P90: {=INDEX(М[Форма закупа],MATCH(1,IF(($B90=М[Наим.])*($C90=М[Артикул, марка, произв.])*($D90=М[Хар-ка])*($O90=М[Прим.]),{1},($B90=М[Наим.])*($C90=М[Артикул, марка, произв.])*($D90=М[Хар-ка])*($O90=М[Прим.])),0))} -> 0
A91: 7 | B91: Труба электросварная (пог.м.) | D91: стальная D-57х3,5 | E91: пог. м | G91: 85.5 | H91: 116.5 | I91: 86 | J91: 1349.5 | K91: 270.5 | L91: =SUM($G$91:$K$91) -> 1908 | M91: {=INDEX(М[Цена за ед., руб],MATCH(1,IF(($B91=М[Наим.])*($C91=М[Артикул, марка, произв.])*($D91=М[Хар-ка])*($O91=М[Прим.]),{1},($B91=М[Наим.])*($C91=М[Артикул, марка, произв.])*($D91=М[Хар-ка])*($O91=М[Прим.])),0))} -> 0 | N91: =ROUND($L$91*$M$91,2) -> 0 | P91: {=INDEX(М[Форма закупа],MATCH(1,IF(($B91=М[Наим.])*($C91=М[Артикул, марка, произв.])*($D91=М[Хар-ка])*($O91=М[Прим.]),{1},($B91=М[Наим.])*($C91=М[Артикул, марка, произв.])*($D91=М[Хар-ка])*($O91=М[Прим.])),0))} -> 0
B92: Материалы: | N92: =SUM(N93:N94) -> 0
A93: 1 | B93: Фитинги для стальной трубы | E93: % | L93: =Материалы!E41 -> 0 | N93: =ROUND(SUM(N81,N85:N91)*L93%,3) -> 0 | O93: для всех разделов, расчитывается от стоимости материалов | P93: {=INDEX(М[Форма закупа],MATCH(1,IF(($B93=М[Наим.])*($C93=М[Артикул, марка, произв.])*($D93=М[Хар-ка])*($O93=М[Прим.]),{1},($B93=М[Наим.])*($C93=М[Артикул, марка, произв.])*($D93=М[Хар-ка])*($O93=М[Прим.])),0))} -> 0
A94: 2 | B94: Прочие материалы | E94: % | L94: =Материалы!E42 -> 0 | N94: =ROUND(SUM(N19,N23:N28,N32:N37,N41:N42,N46:N47,N51,N55:N58,N62,N66:N69,N73,N77,N81,N85:N91)*L94%,3) -> 0 | O94: для всех разделов, расчитывается от стоимости материалов | P94: {=INDEX(М[Форма закупа],MATCH(1,IF(($B94=М[Наим.])*($C94=М[Артикул, марка, произв.])*($D94=М[Хар-ка])*($O94=М[Прим.]),{1},($B94=М[Наим.])*($C94=М[Артикул, марка, произв.])*($D94=М[Хар-ка])*($O94=М[Прим.])),0))} -> 0
A95: 11.07.03 | B95: ПНР | N95: =SUM($N$96) -> 0
A96: 11.07.03.00 | B96: ПНР | N96: =SUM($N$97) -> 0
B97: Работы: | N97: =SUM($N$98) -> 0
B98: Пусконаладочные работы системы пожаротушения: испытание пожарного крана, манометрические испытания | E98: компл. | G98: 1 | H98: 1 | I98: 1 | J98: 1 | K98: 1 | L98: =SUM($G$98:$K$98) -> 5 | M98: {=INDEX(Р[Цена за ед., руб],MATCH(1,IF(($B98=Р[Наименование])*($O98=Р[Примечание]),{1},($B98=Р[Наименование])*($O98=Р[Примечание])),0))} -> 0 | N98: =ROUND($L$98*$M$98,2) -> 0
B99: ИТОГО по сметному расчету: | N99: =$N$9 -> 0
B100: Всего стоимость работ | N100: =SUM($N$97,$N$82,$N$78,$N$74,$N$70,$N$63,$N$59,$N$52,$N$48,$N$43,$N$38,$N$29,$N$20,$N$16,$N$14,$N$12) -> 0
B101: Всего стоимость материалов | N101: =SUM($N$84,$N$80,$N$76,$N$72,$N$65,$N$61,$N$54,$N$50,$N$45,$N$40,$N$31,$N$22,$N$18,N92) -> 0
B102: в тч НДС ____% | O102: указать %
B103: Расценки на работы включают:
...

Sheet Работы
A1: Сводная ведомость объемов работ
A3: Наименование | B3: Ед. изм. | C3: Количество | D3: Цена за ед., руб | E3: Сумма, руб | F3: Примечание
A4: Бурение отверстий до 120мм | B4: шт | C4: 718 | E4: =ROUND(Р[[#This Row],[Количество]]*Р[[#This Row],[Цена за ед., руб]],2) -> 0
A5: Бурение отверстий до 130мм | B5: шт | C5: 240 | E5: =ROUND(Р[[#This Row],[Количество]]*Р[[#This Row],[Цена за ед., руб]],2) -> 0
A6: Монтаж автоматического воздухоотводчика | B6: шт | C6: 24 | E6: =ROUND(Р[[#This Row],[Количество]]*Р[[#This Row],[Цена за ед., руб]],2) -> 0
A7: Монтаж затвора | B7: шт | C7: 199 | E7: =ROUND(Р[[#This Row],[Количество]]*Р[[#This Row],[Цена за ед., руб]],2) -> 0
A8: Монтаж клапана (с учетом пожарного рукава и ствола) | B8: шт | C8: 696 | E8: =ROUND(Р[[#This Row],[Количество]]*Р[[#This Row],[Цена за ед., руб]],2) -> 0
A9: Монтаж клапана (фланцевые, резьбовые) от 40 мм | B9: шт | C9: 10 | E9: =ROUND(Р[[#This Row],[Количество]]*Р[[#This Row],[Цена за ед., руб]],2) -> 0
A10: Монтаж кранов (фланцевые, резьбовые) до 32 мм | B10: шт | C10: 48 | E10: =ROUND(Р[[#This Row],[Количество]]*Р[[#This Row],[Цена за ед., руб]],2) -> 0
A11: Монтаж кранов (фланцевые, резьбовые) от 40 мм | B11: шт | C11: 66 | E11: =ROUND(Р[[#This Row],[Количество]]*Р[[#This Row],[Цена за ед., руб]],2) -> 0
A12: Монтаж насосной установки повышения давления ( в т.ч. Жокей-насос) | B12: шт | C12: 2 | E12: =ROUND(Р[[#This Row],[Количество]]*Р[[#This Row],[Цена за ед., руб]],2) -> 0
A13: Монтаж оросителя | B13: шт | C13: 336 | E13: =ROUND(Р[[#This Row],[Количество]]*Р[[#This Row],[Цена за ед., руб]],2) -> 0
A14: Монтаж пожарного шкафа | B14: шт | C14: 348 | E14: =ROUND(Р[[#This Row],[Количество]]*Р[[#This Row],[Цена за ед., руб]],2) -> 0
A15: Монтаж сигнализатора потока жидкости в систему пожаротушения АПТ | B15: шт | C15: 58 | E15: =ROUND(Р[[#This Row],[Количество]]*Р[[#This Row],[Цена за ед., руб]],2) -> 0
... A19: Пусконаладочные работы системы пожаротушения: испытание пожарного крана, манометрические испытания | B19: компл. | C19: 5 | E19: =ROUND(Р[[#This Row],[Количество]]*Р[[#This Row],[Цена за ед., руб]],2) -> 0
A20: Итог | E20: =SUBTOTAL(109,Р[Сумма, руб]) -> 0
D21: Проверка: | E21: =ЛСР!N100-Р[[#Totals],[Сумма, руб]] -> 0
A23: Примечание:
A24: В стоимость пусконоладочных работ входит: ПНР насосной станции пожаротушения, Атоматизация насосов системы пожаротушения (кабельно проводниковая продукция, лотки итд) с учетом материалов
A25: Учитывать, что подрядчику необходимо предоставить Акт на инструментальный контроль противопожарного водопровода
A26: В случае, если один из перечисленных прочих/фасонных материалов не был использован по факту при производстве работ, заказчик вправе откорректировать процент расходных материалов в актах выполненных работ (формы КС-2, КС-3), уменьшив на сумму исключенного материала.
A27: Стоимость СМР учитывает - затраты на все второстепенные материалы и работы необходимые для осуществления полного комплекса работ, включая затраты: обеспечение технической водой для производства работ и бытовых целей; на мобилизацию, аренду и эксплуатацию всех необходимых механизмов, оборудования и инструментов, бытовых помещений и биотуалетов; на подъем материалов и разноску по этажам к местам производства работ; выполнение сопутствующих работ; вывоз мусора; накладные расходы, прибыль организации, налоги и иные издержки Подрядчика. Обеспечение безопасного производства работ на участке.
A28: Стоимость материалов учитывает стоимость доставки.
A29: В случае изменения системы налогообложения, риски увеличения стоимости договора относятся на сторону, чья система налогообложения изменяется
A30: Стоимость Работ по настоящему Договору является твердой и включает в себя все виды работ, необходимые для выполнения полного комплекса работ (в случае необходимости закрытия объема больше, чем предусмотрено ЛСР, расценки на работы подлежат корректировке в меньшую сторону с сохранением твердой стоимости работ)

Sheet Материалы
A1: Сводная ведомость объемов материала
A3: Наим. | B3: Артикул, марка, произв. | C3: Хар-ка | D3: Ед. изм. | E3: Количество | F3: Цена за ед., руб | G3: Сумма, руб | H3: Прим. | I3: Форма закупа
A4: Насосная станция пожаротушения | C4: Q=22,92 л/сН=74,29 м | D4: шт | E4: 1 | G4: =ROUND(М[[#This Row],[Количество]]*М[[#This Row],[Цена за ед., руб]],2) -> 0 | H4: CO 2 BL 50/240-30/2/SK-FFS-R, либо аналог
A5: Насосная станция пожаротушения | C5: Q=22,58 л/сН=114,70 м | D5: шт | E5: 1 | G5: =ROUND(М[[#This Row],[Количество]]*М[[#This Row],[Цена за ед., руб]],2) -> 0 | H5: CO 2 MVL 6405/2/SK-FFS-R-CS, либо аналог
A6: Сигнализатор потока жидкости в систему пожаротушения | C6: D-65 16 bar | D6: шт | E6: 58 | G6: =ROUND(М[[#This Row],[Количество]]*М[[#This Row],[Цена за ед., руб]],2) -> 0
A7: Затвор поворотный дисковый | C7: межфланцевый Ду-80 Py-16bar ручной с контролем положения | D7: шт | E7: 20 | G7: =ROUND(М[[#This Row],[Количество]]*М[[#This Row],[Цена за ед., руб]],2) -> 0
A8: Затвор поворотный дисковый | C8: межфланцевый Ду-150 Py-16bar ручной с контролем положения | D8: шт | E8: 24 | G8: =ROUND(М[[#This Row],[Количество]]*М[[#This Row],[Цена за ед., руб]],2) -> 0
A9: Затвор поворотный дисковый | C9: межфланцевый Ду-65 Py-16bar ручной с контролем положения | D9: шт | E9: 108 | G9: =ROUND(М[[#This Row],[Количество]]*М[[#This Row],[Цена за ед., руб]],2) -> 0
A10: Затвор поворотный дисковый | C10: межфланцевый Ду-100 Py-16bar ручной с контролем положения | D10: шт | E10: 12 | G10: =ROUND(М[[#This Row],[Количество]]*М[[#This Row],[Цена за ед., руб]],2) -> 0
A11: Затвор поворотный дисковый | C11: межфланцевый Ду-125 Py-16bar ручной с контролем положения | D11: шт | E11: 34 | G11: =ROUND(М[[#This Row],[Количество]]*М[[#This Row],[Цена за ед., руб]],2) -> 0
A12: Затвор поворотный дисковый | C12: межфланцевый Ду-200 Py-16bar ручной с контролем положения | D12: шт | E12: 1 | G12: =ROUND(М[[#This Row],[Количество]]*М[[#This Row],[Цена за ед., руб]],2) -> 0
A13: Труба водогазопроводная | C13: стальная D-20х2,8 СТ3 | D13: пог. м | E13: 174 | G13: =ROUND(М[[#This Row],[Количество]]*М[[#This Row],[Цена за ед., руб]],2) -> 0
A14: Труба электросварная (пог.м.) | C14: стальная D-108х4,0 | D14: пог. м | E14: 642 | G14: =ROUND(М[[#This Row],[Количество]]*М[[#This Row],[Цена за ед., руб]],2) -> 0
A15: Труба электросварная (пог.м.) | C15: стальная D-133х4,2 | D15: пог. м | E15: 1020.72 | G15: =ROUND(М[[#This Row],[Количество]]*М[[#This Row],[Цена за ед., руб]],2) -> 0
A16: Труба электросварная (пог.м.) | C16: стальная D-159х4,0 | D16: пог. м | E16: 63 | G16: =ROUND(М[[#This Row],[Количество]]*М[[#This Row],[Цена за ед., руб]],2) -> 0
A17: Труба электросварная (пог.м.) | C17: стальная D-219х6,0 | D17: пог. м | E17: 57 | G17: =ROUND(М[[#This Row],[Количество]]*М[[#This Row],[Цена за ед., руб]],2) -> 0
A18: Труба электросварная (пог.м.) | C18: стальная D-76х3,5 | D18: пог. м | E18: 2196.96 | G18: =ROUND(М[[#This Row],[Количество]]*М[[#This Row],[Цена за ед., руб]],2) -> 0
A19: Труба электросварная (пог.м.) | C19: стальная D-89х3,5 | D19: пог. м | E19: 992.64 | G19: =ROUND(М[[#This Row],[Количество]]*М[[#This Row],[Цена за ед., руб]],2) -> 0 | H19: в т.ч. гильзы
A20: Труба электросварная (пог.м.) | C20: стальная D-57х3,5 | D20: пог. м | E20: 1908 | G20: =ROUND(М[[#This Row],[Количество]]*М[[#This Row],[Цена за ед., руб]],2) -> 0
A21: Кран шаровой | C21: ВР-ВР Ду-15 полнопроходной | D21: шт | E21: 24 | G21: =ROUND(М[[#This Row],[Количество]]*М[[#This Row],[Цена за ед., руб]],2) -> 0
A22: Кран шаровой | C22: ВР-ВР Ду-50 полнопроходной | D22: шт | E22: 66 | G22: =ROUND(М[[#This Row],[Количество]]*М[[#This Row],[Цена за ед., руб]],2) -> 0
A23: Воздухоотводчик | C23: автоматический Ду-15 10bar | D23: шт | E23: 24 | G23: =ROUND(М[[#This Row],[Количество]]*М[[#This Row],[Цена за ед., руб]],2) -> 0
A24: Рукав пожарный | C24: Ду-50мм L-20м с головкой ГР-50 | D24: шт | E24: 650 | G24: =ROUND(М[[#This Row],[Количество]]*М[[#This Row],[Цена за ед., руб]],2) -> 0
A25: Рукав пожарный | C25: Ду-65мм L-20м с головкой ГР-70 | D25: шт | E25: 46 | G25: =ROUND(М[[#This Row],[Количество]]*М[[#This Row],[Цена за ед., руб]],2) -> 0
A26: Ствол пожарный | C26: РС-65А | D26: шт | E26: 46 | G26: =ROUND(М[[#This Row],[Количество]]*М[[#This Row],[Цена за ед., руб]],2) -> 0
A27: Ствол пожарный | C27: РС-50А | D27: шт | E27: 650 | G27: =ROUND(М[[#This Row],[Количество]]*М[[#This Row],[Цена за ед., руб]],2) -> 0
A28: Кран трехходовой для манометра | C28: Ду-15 Ру-16 G1/2-М20х1,5 латунь | D28: шт | E28: 24 | G28: =ROUND(М[[#This Row],[Количество]]*М[[#This Row],[Цена за ед., руб]],2) -> 0
A29: Вентиль пожарный | C29: чугунный угловой Ду-50 муфта-цапка | D29: шт | E29: 650 | G29: =ROUND(М[[#This Row],[Количество]]*М[[#This Row],[Цена за ед., руб]],2) -> 0 | H29: с ДППК
A30: Вентиль пожарный | C30: чугунный угловой Ду-65 муфта-цапка | D30: шт | E30: 46 | G30: =ROUND(М[[#This Row],[Количество]]*М[[#This Row],[Цена за ед., руб]],2) -> 0 | H30: с ДППК
A31: Шкаф пожарный | C31: ШПК-320-21 В3 | D31: шт | E31: 302 | G31: =ROUND(М[[#This Row],[Количество]]*М[[#This Row],[Цена за ед., руб]],2) -> 0
A32: Шкаф пожарный | C32: ШПК-320-12 Н3 | D32: шт | E32: 23 | G32: =ROUND(М[[#This Row],[Количество]]*М[[#This Row],[Цена за ед., руб]],2) -> 0
A33: Шкаф пожарный | C33: ШПК-320-21 Н3 | D33: шт | E33: 23 | G33: =ROUND(М[[#This Row],[Количество]]*М[[#This Row],[Цена за ед., руб]],2) -> 0
A34: Эмаль (кг.) | C34: ПФ-115 | D34: кг | E34: 668.82 | G34: =ROUND(М[[#This Row],[Количество]]*М[[#This Row],[Цена за ед., руб]],2) -> 0 | H34: в 2 слоя
A35: Ороситель | C35: спринклерный универсальный t-57±3°С К-0,47 | D35: шт | E35: 336 | G35: =ROUND(М[[#This Row],[Количество]]*М[[#This Row],[Цена за ед., руб]],2) -> 0 | H35: с запасом на ПНР
A36: Жокей-насос | C36: Q-1,0 л/с H-80,8 м N-2,2кВт V бака-50 л | D36: шт | E36: 1 | G36: =ROUND(М[[#This Row],[Количество]]*М[[#This Row],[Цена за ед., руб]],2) -> 0 | H36: CO 1 MVL 410/J-ET-R, либо аналог
A37: Жокей-насос | C37: Q-1,0 л/с H-117 м N-3 кВт V бака-50 л | D37: шт | E37: 1 | G37: =ROUND(М[[#This Row],[Количество]]*М[[#This Row],[Цена за ед., руб]],2) -> 0 | H37: CO 1 MVL 414/J-ET-R, либо аналог
A38: Огнетушитель | C38: порошковый ОП-4 АВСЕ | D38: шт | E38: 46 | G38: =ROUND(М[[#This Row],[Количество]]*М[[#This Row],[Цена за ед., руб]],2) -> 0
A39: Клапан обратный | C39: Межфланцевый Ду-80 Ру-16бар | D39: шт | E39: 8 | G39: =ROUND(М[[#This Row],[Количество]]*М[[#This Row],[Цена за ед., руб]],2) -> 0
A40: Клапан регулирующий | C40: "до себя" Ду-150 | D40: шт | E40: 2 | G40: =ROUND(М[[#This Row],[Количество]]*М[[#This Row],[Цена за ед., руб]],2) -> 0 | H40: ВРДД АДЛ, или аналог
A41: Фитинги для стальной трубы | D41: % | G41: =SUMIF(ЛСР!$B$6:$N$98,М[[#This Row],[Наим.]],ЛСР!$N$6:$N$98) -> 0 | H41: для всех разделов, расчитывается от стоимости материалов
A42: Прочие материалы | D42: % | G42: =SUMIF(ЛСР!$B$6:$N$98,М[[#This Row],[Наим.]],ЛСР!$N$6:$N$98) -> 0 | H42: для всех разделов, расчитывается от стоимости материалов
A43: Итог | G43: =SUBTOTAL(109,М[Сумма, руб]) -> 0
F44: Проверка: | G44: =ЛСР!N101-М[[#Totals],[Сумма, руб]] -> 0
A46: Примечание:
A47: В стоимость пусконоладочных работ входит: ПНР насосной станции пожаротушения, Атоматизация насосов системы пожаротушения (кабельно проводниковая продукция, лотки итд) с учетом материалов
A48: Учитывать, что подрядчику необходимо предоставить Акт на инструментальный контроль противопожарного водопровода
A49: В случае, если один из перечисленных прочих/фасонных материалов не был использован по факту при производстве работ, заказчик вправе откорректировать процент расходных материалов в актах выполненных работ (формы КС-2, КС-3), уменьшив на сумму исключенного материала.
A50: Стоимость СМР учитывает - затраты на все второстепенные материалы и работы необходимые для осуществления полного комплекса работ, включая затраты: обеспечение технической водой для производства работ и бытовых целей; на мобилизацию, аренду и эксплуатацию всех необходимых механизмов, оборудования и инструментов, бытовых помещений и биотуалетов; на подъем материалов и разноску по этажам к местам производства работ; выполнение сопутствующих работ; вывоз мусора; накладные расходы, прибыль организации, налоги и иные издержки Подрядчика. Обеспечение безопасного производства работ на участке.
A51: Стоимость материалов учитывает стоимость доставки.
A52: В случае изменения системы налогообложения, риски увеличения стоимости договора относятся на сторону, чья система налогообложения изменяется
A53: Стоимость Работ по настоящему Договору является твердой и включает в себя все виды работ, необходимые для выполнения полного комплекса работ (в случае необходимости закрытия объема больше, чем предусмотрено ЛСР, расценки на работы подлежат корректировке в меньшую сторону с сохранением твердой стоимости работ)

Sheet ПараметрыЗагрузки
A1: ЛСР | B1: ЛСРГуид
A2: ГП Амундсмена Екатеринбург.01.11.07 Секция 1.1_Устройство системы пожаротушения №1 | B2: 4cdc42f5-96f5-11f1-9619-cc5d3c3b48f3
A3: ГП Амундсмена Екатеринбург.02.11.07 Секция 2_Устройство системы пожаротушения №1 | B3: 4cdc443b-96f5-11f1-9619-cc5d3c3b48f3
A4: ГП Амундсмена Екатеринбург.03.11.07 Секция 3_Устройство системы пожаротушения №1 | B4: 52fe52b5-96f5-11f1-9619-cc5d3c3b48f3
A5: ГП Амундсмена Екатеринбург.04.11.07 Секция 4_Устройство системы пожаротушения №1 | B5: 5f2ce88e-96f5-11f1-9619-cc5d3c3b48f3
A6: ГП Амундсмена Екатеринбург.05.11.07 Секция 5_Устройство системы пожаротушения №1 | B6: 6528ac9d-96f5-11f1-9619-cc5d3c3b48f3
